 Dungeon Crawl Stone Soup version 0.31-a0-1074-g0b22e4e0f1 (webtiles) character file.

Game seed: 11488973330480048940

1117 Dittersdorf the Covered (level 8, -4/51 HPs)
             Began as a Gargoyle Fighter on Nov 28, 2023.
             Was a Believer of Okawaru.
             Slain by a troll (5 damage)
             ... on level 6 of the Dungeon.
             The game lasted 00:06:11 (4375 turns).

Dittersdorf the Covered (Gargoyle Fighter)          Turns: 4375, Time: 00:06:12

Health: -4/51      AC: 15    Str: 21    XL:     8   Next: 34%
Magic:  6/8        EV: 13    Int: 10    God:    Okawaru [**....]
Gold:   171        SH:  7    Dex: 15    Spells: 7/7 levels left

rFire   . . .        a - +0 flail
rCold   . . .        c - +0 buckler
rNeg    + . .        x - +1 ring mail "Terphusumi" {Will+}
rPois   ∞            (no helmet)
rElec   +            B - scarf {+Inv}
rCorr   +            w - +0 pair of gloves
SInv    .            (no boots)
Will    +....        (no amulet)
Stlth   ++           l - +6 ring of dexterity
HPRegen 0.28/turn    m - ring of resist corrosion
MPRegen 0.11/turn

%: no passive effects
@: heroic
A: sickness immunity, AC +5, negative energy resistance 1, electricity
resistance, torment resistance 1, petrification resistance
a: Renounce Religion, Evoke Invisibility, Heroism


You were on level 6 of the Dungeon.
You worshipped Okawaru.
Okawaru was pleased with you.
You visited 1 branch of the dungeon, and saw 6 of its levels.

You collected 171 gold pieces.

Inventory:

Hand Weapons
 a - a +0 flail (weapon)
Armour
 c - a +0 buckler (worn)
 w - a +0 pair of gloves (worn)
 x - the +1 ring mail "Terphusumi" (worn) {Will+}
   (You found it on level 3 of the Dungeon)

   Will+:     It increases your willpower.
 B - a scarf of invisibility (worn)
Jewellery
 l - a +6 ring of dexterity (left hand)
 m - a ring of resist corrosion (right hand)
 y - a ring of ice
Wands
 e - a wand of flame (23) (quivered)
 t - a wand of iceblast (14)
Scrolls
 b - 2 scrolls of noise {unknown}
 g - a scroll of immolation {unknown}
 i - 3 scrolls of butterflies {unknown}
 k - a scroll of brand weapon {unknown}
 n - a scroll of enchant weapon {unknown}
 o - a scroll of teleportation {unknown}
 p - 2 scrolls of acquirement {unknown}
 q - a scroll of blinking {unknown}
 A - a scroll of revelation {unknown}
Potions
 d - 3 potions of might
 f - 2 potions of brilliance
 h - 2 potions of heal wounds {unknown}
 j - a potion of enlightenment {unknown}
 r - 2 potions of degeneration {unknown}
 s - 2 potions of mutation
 u - a potion of haste
 v - a potion of berserk rage
 z - a potion of curing {unknown}
 D - 2 potions of attraction {unknown}


   Skills:
 + Level 6.1(11.1) Fighting
 + Level 5.0(10.0) Maces & Flails
 + Level 6.2(11.2) Armour
 + Level 6.2(11.2) Shields


You had 7 spell levels left.
You didn't know any spells.
Your spell library contained the following spells:

 Spells                   Type           Power      Damage    Failure   Level
 Magic Dart               Conj           0%         1d3       54%         1
 Necrotise                Necr           0%         1d4       54%         1
 Shock                    Conj/Air       0%         1d3       54%         1
 Sting                    Tmut/Pois      0%         1d3       54%         1
 Poisonous Vapours        Pois/Air       0%         N/A       67%         2
 Mephitic Cloud           Conj/Pois/Air  0%         N/A       88%         3
 Swiftness                Air            0%         N/A       88%         3
 Vampiric Draining        Necr           0%         2d6       88%         3
 Airstrike                Air            0%         2d(0-16)  99%         4
 Olgreb's Toxic Radiance  Pois           0%         N/A       99%         4
 Passage of Golubria      Tloc           0%         N/A       99%         4
 Agony                    Necr           0%         N/A       100%        5
 Yara's Violent Unravell  Hex/Tmut       0%         3d3       100%        5
 Call Imp                 Summ           Unusable   N/A       N/A         2
 Tukima's Dance           Hex            Unusable   N/A       N/A         3

Dungeon Overview and Level Annotations

Branches:
Dungeon (6/15)             Temple (0/1) D:5

Altars:
Elyvilon
Nemelex Xobeh
Okawaru
Qazlal
Wu Jian

Shops:
D:1 (


Innate Abilities, Weirdness & Mutations

You are immune to sickness and miasma.
Your stone body is resilient. (AC +5)
You are immune to poison.
You resist negative energy. (rN+)
You are resistant to electric shocks. (rElec)
You are resistant to unholy torment.
You are immune to petrification.


Message History

You are too injured to fight recklessly!
You are too injured to fight recklessly!
You are too injured to fight recklessly!
You are too injured to fight recklessly!
Aiming: Throw Flame
Press: ? - help, Q - select action, (/) - cycle Shift-Dir - straight line, f - troll
Aim: a troll (68% to hit)
The puff of flame misses the troll.
The troll bites you but does no damage. The troll claws you but does no damage.
The troll barely misses you.
Aiming: Throw Flame
Press: ? - help, Q - select action, (/) - cycle Shift-Dir - straight line, f/p - troll
Aim: a troll (68% to hit)
The puff of flame hits the troll.
The troll is lightly wounded.
You block the troll's attack. The troll claws you but does no damage.
The troll barely misses you.
You sock the troll!
The troll is moderately wounded.
The troll bites you. You block the troll's attack.
The troll claws you but does no damage.
You sock the troll!
The troll is severely wounded.
The troll closely misses you. The troll claws you!
* * * LOW HITPOINT WARNING * * *
The troll claws you but does no damage.
You hit the troll.
The troll is severely wounded.
The troll completely misses you. The troll closely misses you.
The troll claws you.
* * * LOW HITPOINT WARNING * * *
You gain the combat prowess of a mighty hero.
The troll barely misses you. The troll claws you but does no damage.
The troll claws you!
* * * LOW HITPOINT WARNING * * *
You hit the troll but do no damage.
The troll is severely wounded.
The troll completely misses you. You block the troll's attack.
The troll claws you.
You die...

### # ... #.##.. .
#.#..# .#### #....#
# ...##
#..#######.## ....#
#..@T.....:..##.#.#
#..#######.##...#.#
#.†##....###....#.#
#..#..#.#.#.#.....#
#.....#...#...###.##
#.###.###...### #...
#.....# ##### ####
#######


You could see a troll.

Vanquished Creatures
  A water moccasin (D:5)
  2 black bears (D:5)
  A phantom (D:3)
  4 scorpions
  A howler monkey (D:5)
  A hound (D:6)
  4 jellies
  Natasha (thrice) (D:4)
  2 iguanas (D:5)
  3 orc wizards
  6 adders
  2 worms (D:2)
  8 orcs
  11 endoplasms
  3 giant cockroaches
  9 goblins
  5 hobgoblins
  7 jackals
  4 quokkas
  8 ball pythons
  7 bats
  4 frilled lizards
  9 kobolds
  6 rats
111 creatures vanquished.

Notes
Turn   | Place    | Note
-------+----------+-------------------------------------------
     0 | D:1      | Dittersdorf the Gargoyle Fighter began the quest for the
                  | Orb.
     0 | D:1      | Reached XP level 1. HP: 14/14 MP: 1/1
    94 | D:1      | Reached XP level 2. HP: 11/19 MP: 2/2
   335 | D:1      | You fall into a shaft and drop 1 floor!
   596 | D:1      | Found Zauska's Weapon Boutique.
   783 | D:2      | Reached XP level 3. HP: 19/23 MP: 3/3
  1086 | D:2      | Reached XP level 4. HP: 29/29 MP: 4/4
  1203 | D:2      | Found a white marble altar of Elyvilon.
  1592 | D:3      | Found an iron altar of Okawaru.
  1605 | D:3      | Became a worshipper of Warmaster Okawaru
  1648 | D:3      | Identified the +3 hat of Pymotefe {Harm rElec rPois MP+9}
  1693 | D:3      | Reached XP level 5. HP: 24/33 MP: 5/5
  1833 | D:3      | Found a sparkling altar of Nemelex Xobeh.
  1912 | D:3      | Identified the +1 ring mail "Terphusumi" {Will+}
  2044 | D:3      | Noticed a phantom
  2052 | D:3      | Killed a phantom
  2346 | D:4      | Reached XP level 6. HP: 39/39 MP: 6/6
  2574 | D:4      | Noticed Natasha
  2581 | D:4      | Killed Natasha
  2581 | D:4      | Reached * piety under Okawaru
  2650 | D:4      | Noticed Natasha
  2657 | D:4      | Killed Natasha
  2818 | D:4      | Noticed Natasha
  2824 | D:4      | Killed Natasha
  2825 | D:4      | Reached skill level 5 in Armour
  2825 | D:4      | Reached skill level 5 in Shields
  3316 | D:5      | Entered Level 5 of the Dungeon
  3326 | D:5      | Found a staircase to the Ecumenical Temple.
  3341 | D:5      | Reached skill level 5 in Fighting
  3384 | D:5      | Reached XP level 7. HP: 42/44 MP: 7/7
  3508 | D:5      | Reached ** piety under Okawaru
  3674 | D:5      | Reached XP level 8. HP: 40/51 MP: 8/8
  3958 | D:5      | Found a stormy altar of Qazlal.
  4183 | D:5      | Found an ornate altar of the Wu Jian Council.
  4287 | D:6      | Reached skill level 5 in Maces & Flails
  4365 | D:6      | Noticed a troll
  4374 | D:6      | HP: 1/51 [troll (9)]
  4375 | D:6      | Slain by a troll

Illustrated notes

Levels and vault maps discovered:
D:1:      lightli_arrival_windingriver, layout_basic, serial_shops,
          nicolae_shop_stone
D:2:      layout_loops_cross, basic_altar, minmay_joined_circles
D:3:      layout_rooms, mainiacjoe_overflow_boulevard,
          nemelex_xobeh_ov_fountains_minmay
D:4:      layout_loops_ring, minmay_misc_feat_doors, uniq_natasha
D:5:      layout_cave_pools, nicolae_qazlal_scattered_showers,
          pdpol_wu_jian_five_deadly_venoms, minmay_temple_entry_tees
D:6:      layout_basic, chequers_temple_overflow_statue_of_worship,
          serial_shops, shop, gammafunk_ghost_stat_death,
          minmay_manual_monstrance, uniq_sigmund, uniq_crazy_yiuf_cottage

Skill      XL: |  1  2  3  4  5  6  7  8 |
---------------+-------------------------+-----
Armour         | 4 5 6 |  6.2
Shields        | 4 5 6 |  6.2
Fighting       | 4 5 6 |  6.1
Maces & Flails | 3 4 5 |  5.0

Action                     |  1- 3 |  4- 6 |  7- 9 || total
---------------------------+-------+-------+-------++-------
  Melee: Flail             |   114 |   181 |   133 ||   428
 Invoke: Heroism           |       |       |     1 ||     1
  Evoke: Wand              |       |       |     2 ||     2
    Use: Scroll            |       |     5 |     2 ||     7
 Armour: Scale mail        |    85 |    73 |       ||   158
         Ring mail         |       |    50 |   146 ||   196
  Dodge: Dodged            |    54 |    62 |   105 ||   221
  Block: Buckler           |    32 |    38 |    43 ||   113

Table legend: (Time is in decaauts)
 A = Elapsed time spent in this place.
 B = Non-inter-level travel time spent in this place.
 C = Inter-level travel time spent in this place.
 D = Time resting spent in this place.
 E = Time spent auto-exploring this place.
 F = Levels seen in this place.
 G = Mean time per level.
                   A        B        C        D        E       F      G
               +--------+--------+--------+--------+--------+-----+--------+
         Total |   4486 |   4257 |    229 |    342 |   2919 |   6 |  747.7 |
       Dungeon |   4486 |   4257 |    229 |    342 |   2919 |   6 |  747.7 |
               +--------+--------+--------+--------+--------+-----+--------+

Top non-repeatable levels by time:
     D:4: 1183 daAuts
     D:5: 885 daAuts
     D:2: 832 daAuts
     D:1: 762 daAuts
     D:3: 661 daAuts
     D:6: 161 daAuts
